AoeStats
← KRM Draykon

Black Forest

510161063Analyzed
4v4 RM · 2d ago on Sep 29, 2026· 59m 46s· 8 players
Game mode
Random Map
Map size
Large (8 player)
Population
200
Speed
Normal
Resources
Standard
Victory
Conquest
Starting age
Dark Age
Ending age
Imperial Age
RankedLock teamsTeams togetherTeam positionsShared explorationLock speedFull tech treeHidden civsTurbo modeCheats
Victory
Defeat
🇫🇷 Mongols · France
818
+18
🇫🇷 Romans · France
808
+18
🇫🇷 Spanish · France
790
+19
🇵🇪 Sicilians · Peru
763
+20
🇮🇳 Mongols · India
876
-19
🇨🇳 Magyars · China
870
-19
🇹🇼 Persians · Taiwan
848
-19
🇧🇷 Vietnamese · Brazil
835
-18
Léodagan
0:37 Loom
13:36 Feudal Age
17:36 Castle Age
18:06 Double-Bit Axe
18:06 Horse Collar
20:06 Wheelbarrow
24:20 Bow Saw
25:18 Heavy Plow
28:50 Hand Cart
32:29 Imperial Age
30:33 Gold Mining
30:35 Stone Mining
30:49 Scale Mail Armor
30:59 Forging
30:40 Fletching
33:24 Iron Casting
33:04 Chain Mail Armor
33:06 Ballistas
33:56 Crop Rotation
33:40 Fortified Wall
33:37 Siege Engineers
34:37 Conscription
35:23 Chemistry
36:15 Blast Furnace
35:21 Scale Barding Armor
34:57 Light Cavalry
35:47 Bloodlines
35:01 Man-at-Arms
35:05 Pikeman
35:47 Squires
36:31 Gold Shaft Mining
37:03 Heavy Scorpion
37:07 Halberdier
38:17 Murder Holes
38:44 Ballistics
38:32 Capped Ram
39:34 Husbandry
40:10 Siege Ram
42:42 Cavalier
43:20 Onager
44:49 Masonry
48:58 Comitatenses
48:00 Elite Centurion
DuaLipaFanboy59
11:03 Feudal Age
15:03 Man-at-Arms
16:50 Double-Bit Axe
21:07 Castle Age
20:42 Gold Mining
20:36 Horse Collar
28:59 Pikeman
35:44 Imperial Age
35:03 Bow Saw
35:29 Gold Shaft Mining
36:58 Fishing Lines
38:11 Drill
38:16 Thumb Ring
38:24 Fletching
39:37 Capped Ram
41:23 Elite Mangudai
41:49 Loom
42:41 Wheelbarrow
42:36 Gillnets
43:33 Bodkin Arrow
43:26 Siege Ram
44:27 Caravan
46:13 Bracer
46:14 Padded Archer Armor
49:22 Onager
52:52 Leather Archer Armor
55:11 Hand Cart
55:34 Parthian Tactics
56:21 Siege Onager
60:02 Ballistics
60:02 Siege Engineers
KRM Draykon
13:03 Feudal Age
17:58 Castle Age
18:12 Double-Bit Axe
18:18 Horse Collar
21:20 Wheelbarrow
21:35 Caravan
22:22 Loom
23:22 Hand Cart
23:51 Scale Barding Armor
24:01 Forging
24:07 Stone Mining
24:18 Gold Mining
25:10 Heavy Plow
26:04 Bow Saw
26:58 Iron Casting
27:41 Chain Barding Armor
28:46 Stone Shaft Mining
34:40 Imperial Age
31:59 Town Watch
32:44 Husbandry
32:55 Bloodlines
33:13 Town Patrol
36:22 Two-Man Saw
35:46 Conscription
34:49 Cavalier
36:27 Paladin
37:49 Plate Barding Armor
38:27 Blast Furnace
ZzzzZzZzZZZZzz
5:41 Loom
8:34 Loom
50:07 Feudal Age
56:43 Double-Bit Axe
56:57 Horse Collar
watchout0723
0:28 Loom
13:10 Feudal Age
13:30 Double-Bit Axe
17:25 Castle Age
21:32 Horse Collar
24:20 Bow Saw
26:33 Heavy Plow
31:14 Imperial Age
30:35 Fishing Lines
31:16 Fletching
32:08 Wheelbarrow
31:47 Husbandry
31:56 Gillnets
32:55 Kamandaran
34:30 Chemistry
34:03 Town Watch
34:21 Bodkin Arrow
35:26 Thumb Ring
34:42 Crossbowman
36:03 Crop Rotation
36:10 Caravan
36:51 Bloodlines
36:22 Elite Skirmisher
37:36 Parthian Tactics
38:06 Ballistics
38:13 Squires
37:59 Onager
41:04 Citadels
SYNC
0:31 Loom
13:15 Feudal Age
18:54 Castle Age
17:50 Double-Bit Axe
17:59 Gold Mining
19:45 Horse Collar
20:20 Bow Saw
22:05 Heavy Plow
24:42 Gold Shaft Mining
25:50 Fishing Lines
26:34 Stone Mining
28:41 Stone Shaft Mining
29:27 Wheelbarrow
31:00 Hand Cart
33:40 Imperial Age
34:24 Gillnets
33:58 Elite Mangudai
34:58 Conscription
34:51 Bloodlines
34:41 Husbandry
34:02 Light Cavalry
34:50 Scale Barding Armor
34:55 Forging
34:47 Padded Archer Armor
34:37 Fletching
35:49 Hoardings
36:36 Chain Barding Armor
35:40 Hussar
39:12 Parthian Tactics
38:53 Thumb Ring
39:26 Iron Casting
39:07 Leather Archer Armor
38:47 Bodkin Arrow
41:28 Ballistics
42:09 Chemistry
41:19 Fortified Wall
41:48 Bracer
42:11 Fortified Wall
43:46 Heavy Camel Rider
44:02 Heavy Camel Rider
49:39 Blast Furnace
Daniel
2:07 Loom
15:37 Feudal Age
28:22 Double-Bit Axe
36:56 Castle Age
34:58 Horse Collar
36:47 Arson
37:20 Forging
37:11 Scale Mail Armor
37:01 Fletching
37:12 Padded Archer Armor
37:27 Elite Skirmisher
38:34 Bow Saw
38:41 Heavy Plow
40:34 Thumb Ring
44:29 Leather Archer Armor
44:09 Bodkin Arrow
50:59 Imperial Age
小菜机
13:16 Feudal Age
11:48 Loom
13:57 Feudal Age
23:19 Double-Bit Axe
25:45 Castle Age
25:22 Scale Barding Armor
25:41 Gold Mining
25:54 Fishing Lines
26:43 Husbandry
31:58 Gold Shaft Mining
35:04 Chain Barding Armor
37:45 Wheelbarrow
37:14 Gillnets
41:06 Imperial Age
38:55 Pikeman
Connection lost

Rejoining the realm…

Still unreachable

The connection could not be restored.

Session expired

The server has moved on; the page needs a fresh start.